Unix NetHack Version 5.0.0-0 post-release - last build May 23 2026 06:08:33 (1c0ff79ee797540d5714e4e18072db0edd9e58ae,branch:main).

Game began 2026-05-28 04:19:46, ended 2026-05-28 04:27:59.

7spoons, lawful female human Valkyrie

                                                   --------------
                                                   |............|     -----
                            -------------         #-............|    #-...|
                  --------  |...........|         #|............|    #|...|
                  |.@..^^|  |...........|         #|....).......|    #|..>|
                 #%.%Z%%..##|............##########|............|    #|...|
                 #|.^..%.| #........<...|         #----------.---  ###....|
                 #----^.^|  |...........|          ################# #-----
                ##   |.^.|  ----------|--           ##       #       #
                #    |.%)|           ##              #       #       #
                #    -----          ##               #       #      ##
        ####+####                ####                #       #      #
        #......##               -|-----      --------#       #    ###
        #.......#               |.....|      |...>..|#       ##   #
        #......#                |.....|      |.....^|#       -.---#
        #######                 |....^.######-..o....#       |...|#
                                -------      --------        |...|#
                                                             |{..-#
                                                             -----

7spoons the Stripling       St:15 Dx:14 Co:18 In:10 Wi:10 Ch:8  Lawful
Dlvl:2  $:35 HP:0(23) Pw:6(6) AC:6  Xp:2 T:792  Hungry  

Latest messages:
 The kitten misses the orc zombie.
 The kitten misses the orc zombie.
 The kitten misses the orc zombie.
 The kitten misses the orc zombie.
 The kitten bites the orc zombie.
 The orc zombie hits the kitten.
 The kitten misses it.
 The kitten bites it.
 It hits the kitten.
 You are beginning to feel hungry.
 The dwarf zombie climbs out of the pit.
 You hit the wood nymph!
 The wood nymph stole a cursed puce potion.
 The wood nymph vanishes!
 You swap places with your kitten.
 The orc zombie hits!
 You miss the orc zombie.
 The orc zombie hits!
 You hit the orc zombie!
 The kobold zombie falls into a pit!
 The orc zombie hits!
 You destroy the orc zombie!
 Pick a monster, object or location.
 Really step into that pit? [yn] (n)
 The wood nymph picks up a kobold corpse.
 You miss the wood nymph.
 The wood nymph stole an uncursed scroll labeled VE FORBRYDERNE.
 The wood nymph vanishes!
 The orc zombie falls into a pit!
 The orc zombie climbs out of the pit.
 Really step into that pit? [yn] (n)
 You fall into a pit!
 The orc zombie just misses!
 You miss the orc zombie.
 The orc zombie hits!
 You miss the orc zombie.
 You miss the orc zombie.
 The orc zombie hits!
 You hit the orc zombie!
 The orc zombie hits!
 You miss the orc zombie.
 The orc zombie hits!
 You hit the orc zombie!
 The orc zombie hits!
 You die...
 Do you want your possessions identified? [ynq] (y)
 Do you want to see your attributes? [ynq] (y)
 Do you want an account of creatures vanquished? [ynaq] (y)
 Do you want to see your conduct and achievements? [ynq] (y)
 Do you want to see the dungeon overview? [ynq] (y)

Inventory:
 Coins    ('$')
  $ - 35 gold pieces
 Weapons  (')')
  b - a +0 dagger (alternate weapon; not wielded)
  e - a +1 orcish dagger
  a - a +1 spear (weapon in right hand)
 Armor    ('[')
  c - an uncursed +3 small shield (being worn)
 Comestibles  ('%')
  d - an uncursed food ration
  i - an uncursed orange
 Scrolls  ('?')
  g - an uncursed scroll of destroy armor
 Potions  ('!')
  j - an uncursed potion of gain ability
 Tools    ('(')
  k - a cursed tinning kit (0:69)

7spoons the Valkyrie's attributes:

Background:
 You were a Stripling, a level 2 human Valkyrie.
 You were lawful, on a mission for Tyr
 who was opposed by Odin (neutral) and Loki (chaotic).
 You were right-handed.
 You were in the Dungeons of Doom, on level 2.
 You entered the dungeon 792 turns ago.
 It was nighttime.
 You had 31 experience points, 9 more were needed to attain level 3.

Basics:
 You had 0 out of 23 hit points.
 You had all 6 energy points (spell power).
 Your armor class was 6.
 Your wallet contained 35 zorkmids.
 Autopickup was off.

Final Characteristics:
 Your strength was 15 (limit:18/100).
 Your dexterity was 14 (limit:18).
 Your constitution was 18 (limit:18).
 Your intelligence was 10 (limit:18).
 Your wisdom was 10 (limit:18).
 Your charisma was 8 (limit:18).

Final Status:
 You were trapped in a pit.
 You were hungry.
 You were unencumbered.
 You were wielding a spear.
 You had basic skill with spear.

Final Attributes:
 You were fervently aligned.
 You were cold resistant.
 You are dead.

Miscellaneous:
 You didn't encounter any bones levels.
 Total elapsed playing time was 8 minutes and 12 seconds.

Major events:
 Turn
    1: 7spoons the lawful human Valkyrie entered the dungeon
  584: entered the Gnomish Mines
  792: killed by an orc zombie

You didn't know any spells.

Skills:
 Fighting Skills
   bare handed combat [Unskilled]
   two weapon combat  [Unskilled]
   riding             [Unskilled]
 Weapon Skills
   dagger             [Basic]
   axe                [Unskilled]
   pick-axe           [Unskilled]
   short sword        [Unskilled]
   broadsword         [Unskilled]
   long sword         [Unskilled]
   two-handed sword   [Unskilled]
   saber              [Unskilled]
   hammer             [Unskilled]
   quarterstaff       [Unskilled]
   polearms           [Unskilled]
   spear              [Basic]
   trident            [Unskilled]
   lance              [Unskilled]
   sling              [Unskilled]
 Spellcasting Skills
   attack spells      [Unskilled]
   escape spells      [Unskilled]

Voluntary challenges:
 Character rerolling was not enabled.
 You went without food.
 You were illiterate.
 You never genocided any monsters.
 You never polymorphed an object.
 You never changed form.
 You used no wishes.
Achievement:
 You entered the Gnomish Mines.

 The Dungeons of Doom: levels 1 to 3
    Level 1:
       An altar.
    Level 2: <- You were here.
       A fountain, many trees.
       Stairs down to The Gnomish Mines.
       Final resting place for
          you, killed by an orc zombie.
    Level 3:
 The Gnomish Mines:
    Level 3:


Vanquished creatures:
  4 orc zombies
  4 dwarf zombies
  a gnome zombie
  2 jackals
  3 foxes
  a kobold
  2 goblins
  2 sewer rats
  4 grid bugs
  2 lichens
  4 kobold zombies
  a newt
30 creatures vanquished.

No species were genocided or became extinct.

Game over:
                       ----------
                      /          \
                     /    REST    \
                    /      IN      \
                   /     PEACE      \
                  /                  \
                  |     7spoons      |
                  |      35 Au       |
                  | killed by an orc |
                  |      zombie      |
                  |                  |
                  |                  |
                  |       2026       |
                 *|     *  *  *      | *
        _________)/\\_//(\/(/\)/\//\/|_)_______

Farvel 7spoons the Valkyrie...

You died in The Dungeons of Doom on dungeon level 2 with 256 points,
and 35 pieces of gold, after 792 moves.
You were level 2 with a maximum of 23 hit points when you died.

